Description

Fast roach rush

Replay - Roaches rush

Build Order

Get SALT Encoding   

  12  0:00  Drone  
  13  0:12  Overlord  
  13  0:18  Drone  
  14  0:30  Drone  
  15  0:41  Spawning Pool  
  14  0:43  Drone x2  
  16  0:51  Drone  
  16  0:55  Extractor  
  16  0:57  Drone  
  17  1:06  Drone  
  18  1:17  Drone  
  19  1:30  Roach Warren, Queen  
  19  1:31  Drone  
  21  1:38  Zergling x2  
  22  1:50  Overlord  
  22  1:59  Overlord  
  22  2:11  Roach  
  24  2:21  Roach  
  26  2:28  Hatchery  
  30  2:37  Roach x3  
  32  2:47  Roach  
  34  2:54  Overlord  
  36  3:05  Roach x2  
  40  3:12  Roach x2  
  46  3:39  Overlord  
  46  3:40  Zergling x2  
  50  3:53  Zergling x2  
  49  3:59  Zergling x2  
  46  4:10  Zergling x2  
  46  4:16  Zergling x2  
  48  4:31  Baneling Nest  
  47  4:37  Zergling x2  
Spawning Tool Build Advisor. Get it on Overwolf

Go to:

Details

  • Created by: Anhellik
  • Published on: Jul 02, 2019
  • Modified on: Jul 02, 2019
  • Patch: 4.7.1
Show
View Real Time Build Order
Export as new Build Order

Comments (0)

There are no comments. Be the first!

Create an account to comment!